 Dungeon Crawl Stone Soup version 0.31-a0-210-gccc998df9b (webtiles) character file.

Game seed: 12724537162204394021

23 Pooter the Cutter (level 3, -1/25 HPs)
             Began as a Gnoll Wanderer on June 29, 2023.
             Slain by Terence
             ... wielding a +0 trident
              (6 damage)
             ... on level 2 of the Dungeon.
             The game lasted 00:06:13 (640 turns).

Pooter the Cutter (Gnoll Wanderer)                   Turns: 640, Time: 00:06:13

Health: -1/25      AC: 10    Str: 13    XL:     3   Next: 0%
Magic:  1/9        EV:  9    Int: 14    God:
Gold:   89         SH:  0    Dex:  8    Spells: 8/12 levels left

rFire   . . .        a - +2 short sword
rCold   + . .        (no shield)
rNeg    . . .        b - +0 scale mail
rPois   .            f - +2 helmet
rElec   .            (no cloak)
rCorr   .            (no gloves)
SInv    .            (no boots)
Will    .....        (no amulet) Stlth
                     I - ring of protection from cold
HPRegen 0.24/turn    (no ring)
MPRegen 0.11/turn

%: no passive effects
@: no status effects
A: fangs 1, strong nose, distributed training
a: no special abilities


You were on level 2 of the Dungeon.
You visited 1 branch of the dungeon, and saw 2 of its levels.

You collected 89 gold pieces.

Inventory:

Hand Weapons
 a - a +2 short sword (weapon)
Missiles
 Q - 10 stones (quivered)
Armour
 b - a +0 scale mail (worn)
 e - a scarf of harm
   (You found it on level 1 of the Dungeon)
 f - a +2 helmet (worn)
   (You found it on level 1 of the Dungeon)
Jewellery
 I - a ring of protection from cold (left hand)
   (You found it on level 1 of the Dungeon)
Scrolls
 c - 2 scrolls of fear
 d - a scroll of amnesia {unknown}
Potions
 g - a potion of magic {unknown}


   Skills:
 + Level 0.6 Fighting
 + Level 6.5 Short Blades
 + Level 0.6 Long Blades
 + Level 0.6 Axes
 + Level 0.6 Maces & Flails
 + Level 0.6 Polearms
 + Level 0.6 Staves
 + Level 0.6 Ranged Weapons
 + Level 0.6 Throwing
 + Level 4.5 Armour
 + Level 2.5 Dodging
 + Level 0.6 Stealth
 + Level 0.6 Shields
 + Level 0.6 Unarmed Combat
 + Level 5.0 Spellcasting
 + Level 3.7 Conjurations
 + Level 0.4 Hexes
 + Level 0.4 Summonings
 + Level 0.4 Necromancy
 + Level 0.4 Translocations
 + Level 0.4 Transmutations
 + Level 0.4 Fire Magic
 + Level 0.4 Ice Magic
 + Level 0.4 Air Magic
 + Level 0.4 Earth Magic
 + Level 0.4 Poison Magic
 + Level 0.8 Invocations
 + Level 0.6 Evocations


You had 8 spell levels left.
You knew the following spells:

 Your Spells              Type           Power      Damage    Failure   Level
a - Searing Ray           Conj           28%        2d5       24%         2
b - Static Discharge      Conj/Air       18%        2-3/arc   43%         2

Your spell library contained the following spells:

 Spells                   Type           Power      Damage    Failure   Level


Dungeon Overview and Level Annotations

Branches:
Dungeon (2/15)

Altars:

Annotations:
D:2 Jessica, Terence


Innate Abilities, Weirdness & Mutations

You have very sharp teeth.
Your uncanny sense of smell can sniff out nearby items.
Your experience applies equally to all skills.


Message History

Your experience leads to an increase in your attributes!
Increase (s)trength, (i)ntelligence, or (d)exterity?
You feel clever. x2
The searing ray hits Terence but does no damage.
* * * LOW MAGIC WARNING * * *
Terence hits you from afar with a +0 trident!
The searing ray hits Terence.
* * * LOW MAGIC WARNING * * *
Terence barely misses you.
A quokka comes into view.
The searing ray misses Terence.
* * * LOW MAGIC WARNING * * *
You finish channelling your searing ray.
Terence hits you but does no damage. Terence closely misses you.
You see here a bat corpse.
You barely miss Terence. Your bite misses Terence.
Terence hits you with a +0 trident.
* * * LOW HITPOINT WARNING * * *
Unknown command.
You hit Terence. Terence hits you with a +0 trident.
* * * LOW HITPOINT WARNING * * *
You hit Terence.
The quokka twitches its whiskers.
Unknown command.
You hit Terence. Terence barely misses you. The quokka bites you.
* * * LOW HITPOINT WARNING * * *
You barely miss Terence. The quokka barely misses you.
Terence barely misses you.
Unknown command.
You hit Terence.
Your magical contamination has completely faded away.
Unknown command.
You hit Terence but do no damage. The quokka completely misses you.
Terence hits you with a +0 trident.
* * * LOW HITPOINT WARNING * * *
Jessica the Apprentice Sorceress comes into view.
She is wielding a +0 club.
You hit Terence but do no damage.
The quokka bites you but does no damage.
Terence closely misses you.
Jessica gestures wildly while chanting.
Jessica blinks!
Unknown command.
You hit Terence but do no damage.
The quokka bites you but does no damage.
You hit Terence but do no damage. You hit Terence.
The quokka bites you but does no damage.
Terence hits you with a +0 trident.
You die...

#ยง# #.# # ######. #.#
.## #...... ... ...
#.....# #.##.# #.....#
#?... #.....# #.r#
#.....# ######@@#.#
##.....####.........#
#......'....#######.....
##.....####.#..... ####
#...<.# #.#._.<. #######
#.#..... ..###### #..
...


You could see Terence and a quokka.

Vanquished Creatures
  2 ball pythons (D:1)
  6 bats
  An endoplasm (D:1)
  A giant cockroach (D:1)
  2 goblins (D:1)
  A hobgoblin (D:1)
  4 jackals (D:1)
  A kobold (D:1)
  2 frilled lizards (D:1)
20 creatures vanquished.

Notes
Turn   | Place    | Note
-------+----------+-------------------------------------------
     0 | D:1      | Pooter the Gnoll Wanderer began the quest for the Orb.
     0 | D:1      | Pooter set off with the following items: a +2 short sword,
                  | a +0 scale mail, a scroll of fear; and the following spells
                  | available to memorise: Searing Ray, Static Discharge.
     0 | D:1      | Reached XP level 1. HP: 13/13 MP: 6/6
    80 | D:1      | Reached XP level 2. HP: 18/19 MP: 7/7
    90 | D:1      | Learned a level 2 spell: Searing Ray
    93 | D:1      | Learned a level 2 spell: Static Discharge
   611 | D:2      | Found a faded altar of an unknown god.
   623 | D:2      | Noticed Terence
   626 | D:2      | Reached skill level 5 in Spellcasting
   626 | D:2      | Reached XP level 3. HP: 25/25 MP: 3/9
   636 | D:2      | Noticed Jessica
   640 | D:2      | Slain by Terence

Illustrated notes

Levels and vault maps discovered:
D:1:      sevenhm_arrival_forest_fort_large_4, layout_rooms, hex_tiny
D:2:      layout_basic, nicolae_ecumenical_oubliette, uniq_terence,
          uniq_jessica, uniq_crazy_yiuf_cottage, uniq_robin

Skill      XL: |  1  2 |
---------------+-------+-----
Spellcasting   | 5 |  5.0
Fighting       | |  0.6
Short Blades   | |  6.5
Long Blades    | |  0.6
Axes           | |  0.6
Maces & Flails | |  0.6
Polearms       | |  0.6
Staves         | |  0.6
Ranged Weapons | |  0.6
Throwing       | |  0.6
Armour         | |  4.5
Dodging        | |  2.5
Stealth        | |  0.6
Shields        | |  0.6
Unarmed Combat | |  0.6
Conjurations   | |  3.7
Hexes          | |  0.4
Summonings     | |  0.4
Necromancy     | |  0.4
Translocations | |  0.4
Transmutations | |  0.4
Fire Magic     | |  0.4
Ice Magic      | |  0.4
Air Magic      | |  0.4
Earth Magic    | |  0.4
Poison Magic   | |  0.4
Invocations    | |  0.8
Evocations     | |  0.6

Action                     || total
---------------------------++-------
  Melee: Short sword       ||    73
         Punch             ||     2
         Bite              ||     2
   Cast: Searing Ray       ||     1
 Armour: Scale mail        ||    36
  Dodge: Dodged            ||    32

Table legend: (Time is in decaauts)
 A = Elapsed time spent in this place.
 B = Non-inter-level travel time spent in this place.
 C = Inter-level travel time spent in this place.
 D = Time resting spent in this place.
 E = Time spent auto-exploring this place.
 F = Levels seen in this place.
 G = Mean time per level.
                   A        B        C        D        E       F      G
               +--------+--------+--------+--------+--------+-----+--------+
         Total |    615 |    592 |     23 |      0 |    433 |   2 |  307.5 |
       Dungeon |    615 |    592 |     23 |      0 |    433 |   2 |  307.5 |
               +--------+--------+--------+--------+--------+-----+--------+

Top non-repeatable levels by time:
     D:1: 587 daAuts
     D:2: 28 daAuts
